 Dungeon Crawl Stone Soup version 0.25.1-2-g60ff931df9 (webtiles) character file.

Game seed: 3176574477871606088

11460 hawla the Carver (level 11, -6/101 HPs)
             Began as a Minotaur Gladiator on Nov 8, 2020.
             Was an Initiate of Gozag.
             Killed from afar by Jorgrun (45 damage)
             ... with a blast of rock fragments
             ... on level 12 of the Dungeon.
             The game lasted 00:30:23 (12922 turns).

hawla the Carver (Minotaur Gladiator)              Turns: 12922, Time: 00:30:24

Health: -6/101     AC:  7    Str: 22    XL:     11   Next: 49%
Magic:  10/10      EV: 14    Int:  5    God:    Gozag
Gold:   718        SH:  0    Dex: 12    Spells: 10/10 levels left

rFire    + + .     SeeInvis .   G - +0 rapier (drain)
rCold    . . .     Gourm    .   (no shield)
rNeg     . . .     Faith    .   z - +1 robe {rF+}
rPois    +         Spirit   .   k - +1 hat
rElec    .         Reflect  .   n - +0 cloak
rCorr    +         Harm     .   h - +1 pair of gloves
MR       .....                  (no boots)
Stlth    ++........             J - amulet of regeneration
HPRegen  0.66/turn              e - ring of protection from fire
MPRegen  0.12/turn              y - ring of resist corrosion

@: grasped by roots, constricted
A: retaliatory headbutt, horns 2, talons 1, poison resistance, screaming 1,
subdued magic 1
a: Potion Petition, Call Merchant, Bribe Branch, Renounce Religion


You were on level 12 of the Dungeon.
You worshipped Gozag.
Gozag was pleased with you.
You were full.

You visited 2 branches of the dungeon, and saw 13 of its levels.

You collected 1441 gold pieces.
You spent 627 gold pieces at shops.
You paid 96 gold pieces to Gozag.

Inventory:

Hand Weapons
 a - a +1 long sword
 r - a +2 dagger of holy wrath
 G - a +0 rapier of draining (weapon)
 N - the +2 Maxwell's thermic engine {flame, freeze}
   (You found it on level 9 of the Dungeon)

   It has been specially enchanted to burn those struck by it, causing extra
   injury to most foes and up to half again as much damage against particularly
   susceptible opponents.
   Big, fiery blades are also staple armaments of hydra-hunters.
   It has been specially enchanted to freeze those struck by it, causing extra
   injury to most foes and up to half again as much damage against particularly
   susceptible opponents.
Missiles
 d - 16 boomerangs
 m - a curare-tipped dart
 B - 3 boomerangs of dispersal
 D - 28 poisoned darts (quivered)
 E - 3 throwing nets
Armour
 h - a +1 pair of gloves (worn)
 k - a +1 hat (worn)
 n - a +0 cloak (worn)
 u - a +0 robe of cold resistance
 z - a +1 robe of fire resistance (worn)
Jewellery
 c - an uncursed ring of poison resistance
 e - a ring of protection from fire (left hand)
 i - an uncursed amulet of the acrobat
 s - an uncursed amulet of magic regeneration
 w - an uncursed ring of magical power
 y - a ring of resist corrosion (right hand)
 A - an uncursed ring of ice
 J - an amulet of regeneration (around neck)
 L - a +4 ring of protection
 M - a +6 ring of strength
Wands
 j - a wand of iceblast (10)
 K - a wand of acid (7)
Scrolls
 b - 2 scrolls of identify
 g - 3 scrolls of fog
 l - 5 scrolls of teleportation
 q - 2 scrolls of magic mapping
 v - 7 scrolls of remove curse
 C - a scroll of holy word
 I - a scroll of enchant weapon
Potions
 o - a potion of flight
 p - a potion of cancellation
 t - 4 potions of curing
 x - a potion of stabbing
 F - a potion of resistance
 H - a potion of brilliance {unknown}
Comestibles
 f - 10 rations


   Skills:
 + Level 10.3 Fighting
 + Level 4.1(9.8) Short Blades
 + Level 14.5(14.7) Long Blades
 + Level 4.7 Throwing
 + Level 3.8 Armour
 + Level 9.0 Dodging
 - Level 2.7 Stealth


You had 10 spell levels left.
You didn't know any spells.
Your spell library was empty.

Dungeon Overview and Level Annotations

Branches:
Dungeon (12/15)            Temple (1/1) D:7            Lair (0/6) D:8
    Orc (0/2) D:11

Altars:
Ashenzari
Cheibriados
Dithmenos
Elyvilon
Fedhas
Gozag
Hepliaklqana
Kikubaaqudgha
Makhleb
Nemelex Xobeh
Okawaru
Qazlal
Ru
Sif Muna
Trog
Uskayaw
Vehumet
Wu Jian
Xom
Yredelemnul
Zin
The Shining One

Shops:
D:8 *

Annotations:
D:4 2 transporters, tinescath's ghost, novice DrEE
D:12 Jorgrun


Innate Abilities, Weirdness & Mutations

You reflexively headbutt those who attack you in melee.
You have a pair of horns on your head.
You have sharp toenails.
Your system is resistant to poisons. (rPois)
You occasionally shout uncontrollably at your foes.
Your spells are a little easier to cast, but a little less powerful.


Message History

Aim: Jorgrun, wielding a staff of earth and wearing a +2 robe You throw a curare-tipped dart.
The curare-tipped dart barely misses Jorgrun.
The grasping roots constrict you!!
Fire/throw which item? (* to show all) (? for menu, Esc to quit)
Throwing (i - inventory. (/) - cycle)
D - 28 poisoned darts (quivered)
Press: ? - help, Shift-Dir - straight line, f/p - Jorgrun
Aim: Jorgrun, wielding a staff of earth and wearing a +2 robe You throw a curare-tipped dart.
The curare-tipped dart barely misses Jorgrun.
The grasping roots constrict you.
You closely miss Jorgrun. Your kick misses Jorgrun.
Your headbutt misses Jorgrun. You closely miss Jorgrun.
Your kick misses Jorgrun. Jorgrun misses you. The grasping roots constrict you!
You barely miss Jorgrun. You claw Jorgrun, but do no damage.
Jorgrun gestures at you while chanting.
The wall shatters!
The blast of rock fragments hits you!!!
You die...
Your body crumbles into a pile of gold. ########## (..(..g@.# .((#####.# (# .# .# .# .# [#

You could see Jorgrun.

Vanquished Creatures
  Gastronok (D:11)
  A two-headed ogre (D:9)
  2 unseen horrors
  A cyclops (D:11)
  A manticore (D:11)
  2 trolls
  A hippogriff (D:8)
  A human (D:9)
  A steam dragon (D:10)
  3 hogs (D:9)
  4 yaks
  A warg (D:11)
  4 orc warriors
  A phantom (D:6)
  4 ice beasts
  A black bear (D:8)
  3 sky beasts
  A necrophage (D:10)
  2 eyes of draining (D:10)
  2 ogres
  A centaur (D:10)
  2 big kobolds
  5 bullfrogs
  4 scorpions
  5 killer bees (D:9)
  8 wights
  3 howler monkeys
  2 crimson imps
  A bullfrog zombie (D:11)
  2 quasits
  4 hounds
  A bullfrog skeleton (D:6)
  11 orc priests
  3 centaur skeletons
  3 iguanas (D:11)
  Jessica (D:2)
  18 orc wizards
  7 worker ants
  A killer bee zombie (D:8)
  A hound zombie (D:8)
  2 hound skeletons
  2 howler monkey zombies
  2 worker ant zombies
  12 adders
  3 gnolls (D:8)
  2 shadow imps (D:7)
  2 oozes
  A dart slug (D:2)
  6 leopard geckos
  33 orcs
  A ball python (D:7)
  5 bats
  4 giant cockroaches
  9 goblins
  4 hobgoblins
  5 jackals
  16 kobolds
  4 quokkas
  A ball python skeleton (D:5)
  7 frilled lizards
  A jackal skeleton (D:5)
  9 rats
251 creatures vanquished.

Notes
Turn   | Place    | Note
-------+----------+-------------------------------------------
     0 | D:1      | hawla the Minotaur Gladiator began the quest for the Orb.
     0 | D:1      | Reached XP level 1. HP: 18/18 MP: 0/0
   242 | D:1      | Reached XP level 2. HP: 25/25 MP: 1/1
   256 | D:1      | Reached skill level 4 in Long Blades
  1024 | D:2      | Reached XP level 3. HP: 30/30 MP: 2/2
  1604 | D:2      | Reached XP level 4. HP: 37/37 MP: 3/3
  1672 | D:2      | Noticed Jessica
  1677 | D:2      | Killed Jessica
  1677 | D:2      | Reached skill level 1 in Armour
  2296 | D:3      | Noticed an ice beast
  2307 | D:3      | HP: 1/38 [ice beast (5)]
  2634 | D:3      | Killed an ice beast
  2634 | D:3      | Reached skill level 5 in Long Blades
  2634 | D:3      | Reached XP level 5. HP: 14/45 MP: 4/4
  3244 | D:4      | Reached skill level 1 in Stealth
  3441 | D:4      | Noticed tinescath's ghost (novice DrEE)
  3441 | D:4      | Noticed an ogre
  3442 | D:4      | Noticed an ogre
  3455 | D:4      | Reached XP level 6. HP: 45/51 MP: 5/5
  3538 | D:4      | Found a transporter.
  3545 | D:4      | Found a transporter.
  3636 | D:4      | Reached skill level 5 in Dodging
  3747 | D:4      | Reached skill level 6 in Long Blades
  4542 | D:5      | Entered Level 5 of the Dungeon
  4752 | D:5      | Reached XP level 7. HP: 59/59 MP: 6/6
  5057 | D:5      | Found a sparkling altar of Nemelex Xobeh.
  5169 | D:5      | Reached skill level 1 in Short Blades
  5420 | D:5      | Reached skill level 7 in Long Blades
  6054 | D:6      | Reached XP level 8. HP: 47/67 MP: 7/7
  6056 | D:6      | Reached skill level 5 in Fighting
  6776 | D:6      | Reached skill level 8 in Long Blades
  7404 | D:7      | Gained mutation: You have a pair of large horns on your
                  | head. [potion of mutation]
  7404 | D:7      | Gained mutation: Your spells are a little harder to cast,
                  | but a little more powerful. [potion of mutation]
  7405 | D:7      | Lost mutation: Your spells are a little harder to cast, but
                  | a little more powerful. [potion of mutation]
  7405 | D:7      | Lost mutation: You have a pair of large horns on your head.
                  | [potion of mutation]
  7405 | D:7      | Gained mutation: You occasionally shout uncontrollably at
                  | your foes. [potion of mutation]
  7405 | D:7      | Gained mutation: Your system is resistant to poisons.
                  | (rPois) [potion of mutation]
  7405 | D:7      | Gained mutation: Your spells are a little easier to cast,
                  | but a little less powerful. [potion of mutation]
  7405 | D:7      | Gained mutation: You have sharp toenails. [potion of
                  | mutation]
  7876 | D:7      | Found a staircase to the Ecumenical Temple.
  7885 | Temple   | Entered the Ecumenical Temple
  7992 | Temple   | Became a worshipper of Gozag Ym Sagoz the Greedy
  8127 | D:7      | Reached XP level 9. HP: 67/75 MP: 8/8
  8169 | D:7      | Reached skill level 9 in Long Blades
  8564 | D:8      | Found Jeruemm's Assorted Antiques.
  8680 | D:8      | Bought 2 potions of curing for 180 gold pieces
  8680 | D:8      | Bought a blue potion for 27 gold pieces
  8694 | D:8      | You fall into a shaft and drop 1 floor!
  8712 | D:8      | Reached skill level 10 in Long Blades
  9238 | D:8      | Found a basalt altar of Yredelemnul.
  9243 | D:8      | Found a staircase to the Lair.
 10109 | D:9      | Noticed a two-headed ogre
 10124 | D:9      | Killed a two-headed ogre
 10124 | D:9      | Reached skill level 11 in Long Blades
 10124 | D:9      | Reached XP level 10. HP: 59/88 MP: 9/9
 10394 | D:9      | Reached skill level 12 in Long Blades
 10521 | D:9      | Found the +2 Maxwell's thermic engine {flame, freeze}
 10760 | D:10     | Entered Level 10 of the Dungeon
 10772 | D:10     | Killed an unseen horror
 11053 | D:10     | Reached skill level 13 in Long Blades
 11720 | D:11     | Reached XP level 11. HP: 97/97 MP: 10/10
 11909 | D:11     | Killed an unseen horror
 12112 | D:11     | Noticed Gastronok
 12121 | D:11     | Killed Gastronok
 12121 | D:11     | Reached skill level 10 in Fighting
 12121 | D:11     | Reached skill level 14 in Long Blades
 12632 | D:11     | Found a staircase to the Orcish Mines.
 12742 | D:8      | Bought a scroll of identify for 60 gold pieces
 12742 | D:8      | Bought an encrusted silver ring for 150 gold pieces
 12742 | D:8      | Bought a glowing rapier for 210 gold pieces
 12833 | D:12     | Noticed Jorgrun
 12922 | D:12     | Killed from afar by Jorgrun

Illustrated notes

Levels and vault maps discovered:
D:1:      minmay_arrival_wavy_path, layout_basic
D:2:      layout_basic, first_ration, uniq_jessica
D:3:      layout_loops_ring, dk_vineyard_3
D:4:      layout_basic, gammafunk_ghost_smash, kennysheep_boxes
D:5:      layout_basic, overflow_temple_1_default
D:6:      layout_gridville, serial_glass, glass_columns_a, glass_columns_b,
          glass_columns_a, glass_columns_a, glass_columns_b
D:7:      layout_gridville, minmay_temple_entry_sparse_star
D:8:      layout_loops_corners, lair_entry_dummy, serial_shops, shop_fountains,
          basic_altar
D:9:      layout_cave_pools, grunt_livestock
D:10:     layout_gridville
D:11:     layout_basic, david_orc_3, minivault_25_ag, uniq_gastronok
D:12:     layout_loops_ring, hangedman_feature_mirror,
          chequers_serial_rivers_marsh, uniq_jorgrun
Temple:   kilobyte_greek_temple

Skill      XL: |  1  2  3  4  5  6  7  8  9 10 11 |
---------------+----------------------------------+-----
Long Blades    | 4 5 6 7 8 11 13 14 | 14.5
Dodging        | 4 5 6 7 8 9 |  9.0
Fighting       | 3 4 6 7 9 10 | 10.3
Armour         | 2 3 |  3.8
Stealth        | 1 2 |  2.7
Short Blades   | 2 3 4 |  4.1
Throwing       | 3 4 |  4.7

Action                   |  1- 3 |  4- 6 |  7- 9 | 10-12 || total
-------------------------+-------+-------+-------+-------++-------
Melee: Long sword        |    60 |    80 |    66 |       ||   206
       Headbutt          |    11 |    14 |    58 |    28 ||   111
       Dagger            |       |     8 |   109 |       ||   117
       Great sword       |       |       |   105 |    32 ||   137
       Kick              |       |       |    35 |    45 ||    80
       Double sword      |       |       |       |   120 ||   120
       Rapier            |       |       |       |     8 ||     8
Throw: Throwing net      |       |     2 |     3 |       ||     5
       Dart              |       |       |     8 |    32 ||    40
       Boomerang         |       |       |    12 |       ||    12
  Use: Scroll            |     3 |    11 |     7 |     1 ||    22
       Potion            |       |     3 |     3 |     6 ||    12
 Stab: Invisible         |       |     2 |       |       ||     2
       Sleeping          |       |     2 |     6 |     4 ||    12
       Distracted        |       |       |     1 |     2 ||     3
  Eat: Chunk             |     2 |     6 |     7 |       ||    15
       Ration            |       |     1 |     3 |     4 ||     8
Armor: Leather armour    |    14 |    15 |       |       ||    29
       Robe              |       |     1 |    51 |    25 ||    77
       Skin              |       |       |       |    11 ||    11
Dodge: Dodged            |    39 |    74 |   258 |   107 ||   478
       Rpst.: Long sword |    12 |    21 |    15 |       ||    48
       Great sword       |       |       |    22 |    11 ||    33
       Double sword      |       |       |       |    12 ||    12
